 Dungeon Crawl Stone Soup version 0.28.0-53-g5a82cb258f (webtiles) character file.

Game seed: 14563309407935963271

16 Peloso the Shield-Bearer (level 2, 0/27 HPs)
             Began as a Minotaur Fighter on June 20, 2022.
             Succumbed to a kobold's poison
             ... on level 1 of the Dungeon.
             The game lasted 00:00:37 (249 turns).

Peloso the Shield-Bearer (Minotaur Fighter)          Turns: 249, Time: 00:00:38

Health: 0/27       AC:  7    Str: 20    XL:     2   Next: 37%
Magic:  1/1        EV:  9    Int:  5    God:
Gold:   24         SH:  4    Dex:  9    Spells: 1/1 levels left

rFire   . . .      SeeInvis .   a - +0 long sword
rCold   . . .      Faith    .   c - +0 buckler
rNeg    . . .      Spirit   .   b - +0 scale mail
rPois   .          Reflect  .   (helmet restricted)
rElec   .          Harm     .   (no cloak)
rCorr   .          Rampage  .   (no gloves)
Will    .....                   (no boots)
Stlth   ..........              (no amulet)
HPRegen 0.09/turn               (no ring)
MPRegen 0.07/turn               (no ring)

@: lethally poisoned (0 -> -1), about to teleport
A: horns 2, retaliatory headbutt
a: no special abilities


You were on level 1 of the Dungeon.
You visited 1 branch of the dungeon, and saw 1 of its levels.

You collected 24 gold pieces.

Inventory:

Hand Weapons
 a - a +0 long sword (weapon)
Armour
 b - a +0 scale mail (worn)
 c - a +0 buckler (worn)
Scrolls
 e - a scroll of teleportation
Potions
 d - a potion of might


   Skills:
 + Level 3.9 Fighting
 + Level 2.6 Long Blades
 + Level 3.9 Armour
 + Level 4.0 Shields


You had one spell level left.
You didn't know any spells.
Your spell library was empty.

Dungeon Overview and Level Annotations

Branches:
Dungeon (1/15)

Altars:


Innate Abilities, Weirdness & Mutations

You have a pair of horns on your head.
You reflexively headbutt those who attack you in melee.


Message History

You closely miss the kobold. Your headbutt misses the kobold.
The kobold hits you with a +0 short sword of venom.
You are poisoned.
The kobold hits you but does no damage.
You are more poisoned.
You barely miss the kobold.
You feel very sick.
A goblin comes into view. It is wielding a +0 club.
The kobold closely misses you.
The goblin shouts!
You hit the kobold but do no damage. Your headbutt misses the kobold.
You feel very sick. The kobold hits you but does no damage.
You are lethally poisoned!
You hit the kobold.
You kill the kobold!
You feel very sick.
You feel very sick.
Things that are here:
a +0 short sword of venom; a kobold corpse
* * * LOW HITPOINT WARNING * * *
You feel sick.
You barely miss the goblin.
* * * LOW HITPOINT WARNING * * *
You feel sick. The goblin hits you but does no damage.
You closely miss the goblin. You headbutt the goblin.
You kill the goblin!
* * * LOW HITPOINT WARNING * * *
You feel sick.
Your Shields skill increases to level 4!
* * * LOW HITPOINT WARNING * * *
You feel sick.
You see here a +0 club.
Okay, then.
As you read the scroll labelled VINUTHR KULUGUV, it crumbles to dust.
You feel strangely unstable.
It was a scroll of teleportation.
* * * LOW HITPOINT WARNING * * *
You feel sick.
Unknown command.
You die...

###........####......# #....
................##...# #....
##..............##...#########...
##.######.........##.............
##.# #.........##...).........
##.# #........................
#.# #.......###............>. #..
......................#.# ###
........@.............#.#
.......).....##########.#
.............# .# .............#
.#######.....# #.....# ........
#.....## .....#


There were no monsters in sight!

Vanquished Creatures
  A ball python (D:1)
  A bat (D:1)
  2 endoplasms (D:1)
  2 hobgoblins (D:1)
  2 kobolds (D:1)
  3 goblins (D:1)
  2 rats (D:1)
13 creatures vanquished.

Notes
Turn   | Place    | Note
-------+----------+-------------------------------------------
     0 | D:1      | Peloso the Minotaur Fighter began the quest for the Orb.
     0 | D:1      | Reached XP level 1. HP: 19/19 MP: 0/0
   145 | D:1      | Reached XP level 2. HP: 27/27 MP: 1/1
   247 | D:1      | Reached skill level 4 in Shields
   248 | D:1      | HP: 1/27 [poisoned by a kobold]
   249 | D:1      | Succumbed to a kobold's poison

Illustrated notes

Levels and vault maps discovered:
D:1:      mainiacjoe_arrival_reflecting_pool, layout_basic,
          dilly_ecumenical_altar_fadedgnrine, minmay_tetromino_o2

Skill      XL: |  1  2 |
---------------+-------+-----
Shields        | 4 |  4.0
Fighting       | |  3.9
Long Blades    | |  2.6
Armour         | |  3.9

Action                   || total
-------------------------++-------
Melee: Long sword        ||    20
       Headbutt          ||     3
  Use: Scroll            ||     1
Armor: Scale mail        ||    12
Dodge: Dodged            ||    12
Block: Buckler           ||     4
